 Dungeon Crawl Stone Soup version 0.17-a0-1738-g82cdc46 (webtiles) character file.

203 kae the Firebug (level 5, -2/28 HPs)
             Began as a Tengu Fire Elementalist on Aug 30, 2015.
             Slain by Zebura's ghost (7 damage)
             ... on level 3 of the Dungeon.
             The game lasted 00:04:25 (3056 turns).

kae the Firebug (Tengu Fire Elementalist)           Turns: 3056, Time: 00:04:25

Health: -2/28      AC:  2    Str:  9    XL:     5   Next: 81%
Magic:  0/9        EV: 12    Int: 16    God:
Gold:   106        SH:  0    Dex: 14    Spells: 3 memorised, 2 levels left

rFire  . . .     SeeInvis .     g - +0 dagger (flame)
rCold  . . .     Clarity  .     a - +0 robe
rNeg   . . .     SustAt   .     (no shield)
rPois  .         Gourm    .     (helmet restricted)
rElec  .         Spirit   .     (no cloak)
rCorr  .         Warding  .     (no gloves)
rMut   .         Stasis   .     (boots unavailable)
MR     .....                    (no amulet)
Stlth  ++........               (no ring)
                                (no ring)

@: very slightly contaminated, not resistant to hostile enchantments, unstealthy
A: beak, talons 3, able to fly 1
a: Fly


You were on level 3 of the Dungeon.
You were not hungry.

You visited 1 branch of the dungeon, and saw 3 of its levels.

You collected 106 gold pieces.

Inventory:

Hand weapons
 g - a +0 dagger of flaming (weapon)
Armour
 a - a +0 robe (worn)
Jewellery
 m - a cursed amulet of inaccuracy {unknown}
Scrolls
 d - a scroll of blinking {unknown}
 e - a scroll of magic mapping {unknown}
 h - 2 scrolls of identify {unknown}
 n - a scroll of fog {unknown}
 o - a scroll of teleportation {unknown}
Potions
 k - a potion of curing
 p - a potion of might {unknown}
Books
 b - a book of Flames

   Spells                             Type                      Level
   a - Flame Tongue                   Conjuration/Fire             1
   b - Throw Flame                    Conjuration/Fire             2
   c - Conjure Flame                  Conjuration/Fire             3
   d - Inner Flame                    Hexes/Fire                   3
   e - Sticky Flame                   Conjuration/Fire             4
   f - Fireball                       Conjuration/Fire             5
Comestibles
 c - a bread ration
 f - a chunk of flesh
 i - a meat ration
 j - a royal jelly
 l - a slice of pizza


   Skills:
 - Level 2.1 Dodging
 - Level 2.0 Stealth
 - Level 2.0 Spellcasting
 - Level 1.3 Conjurations
 + Level 6.9 Fire Magic


You had 2 spell levels left.
You knew the following spells:

 Your Spells              Type           Power        Failure   Level  Hunger
a - Flame Tongue          Conj/Fire      ##...        4%          1    #......
b - Throw Flame           Conj/Fire      ##....       8%          2    ###....
c - Conjure Flame         Conj/Fire      ##......     12%         3    ###....


Dungeon Overview and Level Annotations

Branches:
Dungeon (3/15)

Altars:

Annotations:
D:3 Zebura's ghost, weakling HaFi


Innate Abilities, Weirdness & Mutations

You have a beak for a mouth.
You have claws for feet.
You can fly.


Message History

Zebura's ghost is almost destroyed.
Zebura's ghost hits you.
You barely miss Zebura's ghost.
Zebura's ghost is almost destroyed.
Zebura's ghost barely misses you.
You hit Zebura's ghost but do no damage.
Your kick misses Zebura's ghost. Your peck misses Zebura's ghost.
Zebura's ghost is almost destroyed.
Zebura's ghost barely misses you.
Casting: Flame Tongue
Confirm with . or Enter, or press ? or * to list all spells.
Aiming: Flame Tongue
Press: ? - help, Shift-Dir - straight line, f/p - Zebura's ghost
Aim: Zebura's ghost (almost destroyed)
The flame tongue misses Zebura's ghost.
Zebura's ghost hits you!
* * * LOW HITPOINT WARNING * * *
Unknown command.
Zebura's ghost shrieks, "You must not fail where I succeeded!"
Zebura's ghost hits you!
You die...

#....###.# #....###
###......##. #...........
# #.#......##. #.. ##
###.#....#...#.#.#. ..
##..................# #.
.##..#.##.#####........##.
#.........@## ###.......#
#.###......W## #....#.#
#.........##### #......[
#........>.....####.)##[.
#.##.......###.......<...
#.. ##......#############.
#. ##...#....###### ##
##....##......#####
##.....######.....##


You could see Zebura's ghost.

Vanquished Creatures
  Jessica (D:3)
  An orc wizard (D:2)
  5 adders
  A gnoll (D:1)
  5 worms
  A giant gecko (D:2)
  4 orcs
  7 bats
  5 giant cockroaches
  6 goblins
  9 hobgoblins
  10 jackals (D:2)
  8 kobolds
  A ball python (D:1)
  2 giant newts (D:2)
  7 rats
73 creatures vanquished.

Vanquished Creatures (others)
  An orc (D:2)
1 creature vanquished.

Grand Total: 74 creatures vanquished

Notes
Turn   | Place    | Note
--------------------------------------------------------------
     0 | D:1      | kae the Tengu Fire Elementalist began the quest for the Orb.
     0 | D:1      | Reached XP level 1. HP: 10/10 MP: 4/4
    45 | D:1      | Reached skill level 4 in Fire Magic
    45 | D:1      | Reached XP level 2. HP: 15/15 MP: 0/6
   422 | D:1      | Reached XP level 3. HP: 19/19 MP: 4/7
  1065 | D:2      | Reached skill level 5 in Fire Magic
  1120 | D:2      | Reached XP level 4. HP: 24/24 MP: 3/8
  1797 | D:2      | Reached skill level 6 in Fire Magic
  1879 | D:2      | Gained mutation: You can fly. [Tengu growth]
  1879 | D:2      | Reached XP level 5. HP: 14/28 MP: 3/9
  2161 | D:3      | Noticed Zebura's ghost (weakling HaFi)
  2174 | D:2      | Learned a level 2 spell: Throw Flame
  2178 | D:2      | Learned a level 3 spell: Conjure Flame
  2194 | D:3      | Noticed Jessica
  2725 | D:3      | Killed Jessica
  3056 | D:3      | Slain by Zebura's ghost

Vault maps used:
D:1:      dpeg_arrival_three_smaller_balls
D:3:      uniq_jessica

Action                   |  1- 3 |  4- 6 || total
-------------------------+-------+-------++-------
Melee: Unarmed           |    25 |       ||    25
       Dagger            |       |    92 ||    92
 Cast: Flame Tongue      |    42 |    66 ||   108
       Throw Flame       |       |     4 ||     4
       Conjure Flame     |       |     1 ||     1
  Use: Potion            |       |     1 ||     1
 Stab: Sleeping          |     3 |     1 ||     4
  Eat: Chunk             |     1 |     8 ||     9
